 Dungeon Crawl Stone Soup version 0.27.0-1-g7a089689b8 (webtiles) character file.

Game seed: 6947596096905737186

125 MajorAdolf the Sneak (level 5, -2/44 HPs)
             Began as a Naga Wanderer on Aug 5, 2021.
             Slain by an orc warrior (15 damage)
             ... on level 3 of the Dungeon.
             The game lasted 00:08:38 (3494 turns).

MajorAdolf the Sneak (Naga Wanderer)                Turns: 3494, Time: 00:08:38

Health: -2/44      AC:  5    Str: 14    XL:     5   Next: 9%
Magic:  8/8        EV:  8    Int: 11    God:
Gold:   89         SH:  0    Dex: 13    Spells: 8/8 levels left

rFire    . . .     SeeInvis +   c - +0 short sword (venom)
rCold    . . .     Faith    .   (no shield)
rNeg     . . .     Spirit   .   h - +0 leather armour
rPois    +         Reflect  .   j - +1 hat
rElec    .         Harm     .   (no cloak)
rCorr    .         Rampage  .   l - +0 pair of gloves
Will     .....                  (no barding)
Stlth    +++.......             (no amulet)
HPRegen  0.14/turn              (no ring)
MPRegen  0.11/turn              (no ring)

@: short of breath, very slow
A: AC +1, large, see invisible, deformed body, poison resistance, slowness 2,
spit poison 1, naga tail 1
a: Spit Poison


You were on level 3 of the Dungeon.
You visited 1 branch of the dungeon, and saw 4 of its levels.

You collected 89 gold pieces.

Inventory:

Hand Weapons
 a - a +2 hand crossbow
 c - a +0 short sword of venom (weapon)
 n - a +0 flail of protection
Missiles
 b - 21 bolts
Armour
 h - a +0 leather armour (worn)
 j - a +1 hat (worn)
 l - a +0 pair of gloves (worn)
Magical Staves
 o - a staff of poison
Wands
 k - a wand of polymorph (5)
Scrolls
 f - a scroll of immolation {unknown}
 g - 2 scrolls of identify {unknown}
 m - a scroll of enchant armour {unknown}
Potions
 d - 2 potions of brilliance {unknown}
 e - a potion of curing {unknown}
 i - a potion of invisibility {unknown}


   Skills:
 - Level 1.0 Fighting
 - Level 1.7 Crossbows
 - Level 1.0 Throwing
 + Level 7.5 Stealth
 - Level 2.0 Spellcasting
 - Level 2.0 Hexes
 - Level 1.0 Translocations


You had 8 spell levels left.
You didn't know any spells.
Your spell library contained the following spells:

 Spells                   Type           Power      Damage    Failure   Level
 Sublimation of Blood     Necr           0%         N/A       50%         2
 Wereblood                Tmut           1%         N/A       50%         2
 Summon Forest            Summ/Tloc      1%         N/A       100%        5
 Summon Mana Viper        Hex/Summ       3%         N/A       100%        5
 Shadow Creatures         Summ           N/A        N/A       100%        6
 Summon Hydra             Summ           0%         N/A       100%        7


Dungeon Overview and Level Annotations

Branches:
Dungeon (4/15)
 Temple: D:4-7

Altars:
Nemelex Xobeh

Annotations:
D:2 Sigmund
D:3 3 runed translucent doors, sanka's ghost, amateur DjFi; skk's ghost, weakling TeGl; theswoord's ghost, amateur DsGl


Innate Abilities, Weirdness & Mutations

Your serpentine skin is tough. (AC +1)
You have supernaturally acute eyesight. (SInv)
Armour fits poorly on your strangely shaped body.
Your system is resistant to poisons. (rPois)
You cover ground very slowly.
You can spit poison.
You have a snake-like lower body.


Message History

There is an open door here.
You now have 73 gold pieces (gained 12).
You now have 89 gold pieces (gained 16).
There is an open door here.
There is a stone staircase leading down here.
You open the door.
An orc warrior and an orc priest come into view.
The orc warrior shouts!
An orc comes into view. It is wielding a +0 dagger.
Found a thick jewelled staff.
You close the door.
An orc warrior opens the door.
An orc priest comes into view. It is wielding a +0 flail.
The orc priest moves out of view.
Things that are here:
a +0 dagger; 4 poisoned darts
There is a stone staircase leading up here.
The orc warrior closely misses you.
You climb upwards.
Level annotation: 3 runed translucent doors, sanka's ghost, amateur DjFi; skk's ghost, weakling TeGl; theswoord's ghost, amateur DsGl
There is a stone staircase leading down here.
Press: ? - help, Shift-Dir - straight line, f - orc warrior
Aim: an orc warrior, wielding a +0 mace and wearing a +0 plate armour The splash of poison hits the orc warrior but does no damage.
The orc warrior is poisoned.
The orc warrior barely misses you.
You closely miss the orc warrior.
The orc warrior hits you with a +0 mace!
You barely miss the orc warrior.
The orc warrior hits you with a +0 mace!
You hit the orc warrior but do no damage.
The orc warrior is lightly wounded.
The orc warrior barely misses you.
You hit the orc warrior.
The orc warrior looks even sicker.
The orc warrior is lightly wounded.
The orc warrior hits you with a +0 mace!
* * * LOW HITPOINT WARNING * * *
You closely miss the orc warrior.
The orc warrior is lightly wounded.
The orc warrior hits you with a +0 mace!
You die...

#.......# #.#######
###.......###.......#
#............######.#
#.#.......##.######.##
#########..........#..........
#........................<#.##
#.#######.####..#..######.....
#.# #....##..#..# ####.###. #.#
#..#.o@..#..###....###. #.#
#..#####.....##)##.#.#. ##.##
#..# #.###.#......#.. ##...##
#..#####.# #.....#.#.#.
##.....####..).....###÷..#.#.###.
...######................#.#.# #.
.###(♣⌠♣###.#########..#.....###.
.##8....#.#.# #............
.#).....#.#.# #.##.>.......


You could see an orc warrior (very poisoned).

Vanquished Creatures
  Jessica (D:2)
  Robin (D:2)
  An adder (D:2)
  2 worms
  3 dart slugs
  An orc (D:3)
  2 ball pythons
  5 bats
  3 endoplasms
  4 giant cockroaches
  10 goblins
  10 hobgoblins
  5 kobolds
  5 quokkas
  6 rats
59 creatures vanquished.

Notes
Turn   | Place    | Note
-------+----------+-------------------------------------------
     0 | D:1      | MajorAdolf the Naga Wanderer began the quest for the Orb.
     0 | D:1      | MajorAdolf set off with the following items: a +2 hand
                  | crossbow, 22 bolts, a +0 ring mail
     0 | D:1      | Reached XP level 1. HP: 18/18 MP: 3/3
   126 | D:1      | Reached skill level 2 in Stealth
   387 | D:1      | Reached skill level 3 in Stealth
   387 | D:1      | Reached XP level 2. HP: 25/25 MP: 5/5
   678 | D:1      | Reached skill level 4 in Stealth
   822 | D:1      | Found a faded altar of an unknown god.
  1089 | D:1      | Reached XP level 3. HP: 27/31 MP: 6/6
  1316 | D:2      | Reached skill level 5 in Stealth
  1465 | D:2      | Noticed Robin
  1475 | D:2      | Killed Robin
  1491 | D:2      | Reached XP level 4. HP: 7/37 MP: 7/7
  1492 | D:2      | Reached skill level 6 in Stealth
  2065 | D:2      | Noticed Sigmund
  2133 | D:2      | Noticed Jessica
  2137 | D:2      | Killed Jessica
  2399 | D:2      | Found a sparkling altar of Nemelex Xobeh.
  2431 | D:3      | Reached skill level 7 in Stealth
  2907 | D:3      | Reached XP level 5. HP: 41/44 MP: 8/8
  2931 | D:3      | Found a runed translucent gate.
  2931 | D:3      | Found a runed translucent gate.
  2931 | D:3      | Noticed skk's ghost (weakling TeGl)
  2932 | D:3      | Found a runed translucent gate.
  2932 | D:3      | Noticed sanka's ghost (amateur DjFi)
  2932 | D:3      | Noticed theswoord's ghost (amateur DsGl)
  3473 | D:4      | Noticed an orc warrior
  3494 | D:3      | Slain by an orc warrior

Illustrated notes

Levels and vault maps discovered:
D:1:      amcnicky_arrival_underground_garden, layout_basic,
          shapermc_ecumenical_altar_mp_highgroup, hex_medium
D:2:      layout_basic, basic_altar, uniq_jessica, uniq_sigmund, uniq_robin
D:3:      layout_loops_ring, gammafunk_ghost_cemetery, grunt_ministairs_2
D:4:      layout_basic, uniq_blork_the_orc, uniq_crazy_yiuf_cottage

Skill      XL: |  1  2  3  4 |
---------------+-------------+-----
Stealth        | 3 4 5 7 |  7.5
Fighting       | |  1.0
Crossbows      | |  1.7
Throwing       | |  1.0
Spellcasting   | |  2.0
Hexes          | |  2.0
Translocations | |  1.0

Action                   |  1- 3 |  4- 6 || total
-------------------------+-------+-------++-------
Melee: Short sword       |    43 |    88 ||   131
 Fire: Hand crossbow     |    28 |       ||    28
 Abil: Spit Poison       |    11 |     5 ||    16
 Stab: Sleeping          |     1 |     3 ||     4
Armor: Ring mail         |     4 |       ||     4
       Leather armour    |    18 |    36 ||    54
Dodge: Dodged            |    27 |    30 ||    57
